Map: Remanso LE

Players

IagoAbreu - Winner!

  • Race: Protoss Protoss
  • League: Gold
  • Spawn Location: 5:00

TwoOff

  • Race: Protoss Protoss
  • Spawn Location: 11:00

VOD

Have the link to the VOD?

Description

Time

  • Played on: April 26, 2018, 9:15 a.m.
  • Length: 6:14
Show
View Real Time Build Order
Export as new Build Order

IagoAbreu Protoss - Winner!

Build Orders:  

Get SALT Encoding   

  1  0:00  Probe  
  12  0:07  Probe  
  14  0:19  Pylon  
  14  0:25  Probe  
  15  0:37  Probe  
  15  0:40  Gateway  
  16  0:49  Assimilator  
  17  0:50  Probe  
  17  1:01  Probe  
  18  1:07  Forge  
  18  1:09  Probe  
  18  1:17  Probe  
  19  1:23  Assimilator  
  20  1:29  Pylon  
  20  1:33  Pylon  
  20  1:36  Probe  
  21  1:54  Gateway  
  21  2:02  Cybernetics Core  
  21  2:10  Gateway  
  21  2:24  Zealot  
  21  2:25  Protoss Ground Weapons Level 1  
  21  2:29  Warp Gate  
  23  2:46  Probe  
  24  2:55  Probe  
  26  2:58  Zealot x3  
  31  3:12  Twilight Council  
  31  3:15  Gateway  
  31  3:24  Pylon  
  30  3:45  Zealot x3  
  36  3:49  Charge  
  36  4:14  Nexus  
  36  4:19  Pylon  
  36  4:46  Gateway  
  36  4:59  Photon Cannon  
  36  5:18  Adept x4  
  44  5:26  Gateway  
  44  5:29  Probe  
  45  5:38  Probe  
  44  5:47  Probe  
Show
View Real Time Build Order
Export as new Build Order

TwoOff Protoss 

Build Orders:  

Get SALT Encoding   

  12  0:02  Probe  
  13  0:14  Probe  
  13  0:20  Pylon  
  14  0:26  Probe  
  15  0:39  Probe  
  15  0:41  Assimilator  
  16  0:46  Forge  
  16  0:51  Probe  
  16  0:56  Assimilator  
  17  1:03  Probe  
  18  1:15  Probe  
  19  1:19  Gateway  
  19  1:27  Probe  
  20  1:37  Pylon  
  20  1:39  Probe  
  21  1:48  Gateway  
  21  1:52  Probe  
  22  2:04  Probe  
  23  2:18  Cybernetics Core  
  23  2:27  Nexus  
  23  2:31  Pylon  
  23  2:35  Probe  
  24  2:47  Warp Gate, Probe  
  25  2:56  Photon Cannon  
  25  2:58  Protoss Ground Weapons Level 1  
  25  2:59  Probe  
  25  3:04  Assimilator  
  26  3:15  Zealot  
  28  3:23  Twilight Council  
  28  3:28  Probe  
  29  3:39  Assimilator  
  29  3:40  Probe  
  30  3:45  Photon Cannon  
  30  3:49  Probe  
  30  3:52  Charge  
  31  4:00  Probe  
  31  4:01  Probe  
  33  4:24  Probe  
  33  4:29  Probe  
  35  4:36  Probe  
  36  4:41  Probe  
  36  4:42  Templar Archives  
  37  4:47  Pylon  
  37  4:54  Dark Shrine  
  37  5:00  Shield Battery  
  37  5:04  Photon Cannon  
  37  5:05  Probe  
  37  5:07  Photon Cannon  
  37  5:14  Probe  
  39  5:30  Nexus  
  39  5:33  Assimilator  
  39  5:39  Pylon  
  39  5:42  Assimilator  
Tags
 
League
Gold
Matchup
PvP
Spawn Locations
Cross Positions
Add a new tag
Caveats
  • Supply blocks, unpowered buildings, or Contaminate may cause inaccurate times.
  • Supply counts are checked every 10 seconds.